 Dungeon Crawl Stone Soup version 0.27-a0-1200-g94dc6ad (webtiles) character file.

Game seed: 8994126537491944189

62 Meow the Stinger (level 4, 36/36 HPs)
             Began as a Naga Venom Mage on June 1, 2021.
             Quit the game on level 2 of the Dungeon.
             The game lasted 00:05:13 (1748 turns).

Meow the Stinger (Naga Venom Mage)                  Turns: 1748, Time: 00:05:13

Health: 36/36      AC:  2    Str: 11    XL:     4   Next: 8%
Magic:  6/8        EV:  9    Int: 16    God:
Gold:   178        SH:  0    Dex: 11    Spells: 2/9 levels left

rFire    . . .     SeeInvis +   a - +0 hunting sling
rCold    . . .     Faith    .   (no shield)
rNeg     . . .     Spirit   .   e - +0 robe
rPois    +         Reflect  .   (no helmet)
rElec    .         Harm     .   (no cloak)
rCorr    .         Rampage  .   (no gloves)
Will     .....                  (no barding)
Stlth    ++........             (no amulet)
HPRegen  0.12/turn              (no ring)
MPRegen  0.11/turn              (no ring)

@: short of breath, very slow
A: AC +1, large, see invisible, deformed body, poison resistance, slowness 2,
spit poison 1, naga tail 1
a: Spit Poison


You were on level 2 of the Dungeon.
You visited 1 branch of the dungeon, and saw 2 of its levels.

You collected 178 gold pieces.

Inventory:

Hand Weapons
 a - a +0 hunting sling (weapon)
 b - a +0 long sword
 l - a +0 spear
Missiles
 f - 11 arrows
 g - 20 bolts
 h - 5 boomerangs
 i - a throwing net
 k - 35 stones (quivered ammo)
Armour
 e - a +0 robe (worn)
Scrolls
 c - a scroll of vulnerability {unknown}
 j - a scroll of magic mapping {unknown}
 m - a scroll of enchant armour {unknown}
Potions
 d - a potion of curing {unknown}
 n - a potion of heal wounds {unknown}


   Skills:
 - Level 1.5 Dodging
 - Level 3.0 Stealth
 + Level 3.1 Spellcasting
 + Level 2.3 Conjurations
 - Level 1.0 Transmutations
 - Level 4.0 Poison Magic


You had 2 spell levels left.
You knew the following spells:

 Your Spells              Type           Power      Damage    Failure   Level
a - Sting                 Tmut/Pois      40%        1d5       7%          1
c - Mephitic Cloud        Conj/Pois/Air  9%         N/A       24%         3
C - Ignite Poison         Fire/Tmut/Pois 7%         N/A       28%         3

Your spell library contained the following spells:

 Spells                   Type           Power      Damage    Failure   Level
 Poisonous Vapours        Pois/Air       16%        N/A       12%         2
 Olgreb's Toxic Radiance  Pois           15%        N/A       34%         4


Dungeon Overview and Level Annotations

Branches:
Dungeon (2/15)

Altars:


Innate Abilities, Weirdness & Mutations

Your serpentine skin is tough. (AC +1)
You have supernaturally acute eyesight. (SInv)
Armour fits poorly on your strangely shaped body.
Your system is resistant to poisons. (rPois)
You cover ground very slowly.
You can spit poison.
You have a snake-like lower body.


Message History

Okay, then.
Search for what [? for help]? long Magic restored.
There is a stone staircase leading down here.
You see here a +0 long sword.
n - a +0 long sword Adjust (i)tems, (s)pells, or (a)bilities?
n - a +0 long sword Adjust to which letter? (? for menu, Esc to quit)
b - a +0 long sword;
n - a viscous brown potion You open the door.
There is an open door here.
A rat comes into view.
Fire: 35 stones
Press: ? - help, Q - select action, (/) - cycle Shift-Dir - straight line, f - rat
Aim: a rat (asleep, 98% to hit)
You shoot a stone. The stone hits the rat.
You kill the rat!
Unknown command.
k - 35 stones (gained 1)
You see here a rat corpse.
There is a stone staircase leading down here.
Found a stone staircase leading up.
An adder and a rat come into view.
Press: ? - help, Shift-Dir - straight line, f - adder
Aim: an adder (asleep)
The splash of poison hits the adder!
The adder is poisoned.
The adder is severely wounded.
The adder hisses angrily.
Unknown command.
Casting: Sting (safe; 7% risk of failure)
Confirm with . or Enter, or press ? or * to list all spells.
Aiming: Sting (safe; 7% risk of failure)
Press: ? - help, Shift-Dir - straight line, f/p - adder
Aim: an adder (almost dead, poisoned, 53% to hit)
The sting hits the adder.
The adder looks even sicker.
You kill the adder!
You have reached level 4!
You feel stronger.
Are you sure you want to abandon this character and quit the game? (Confirm with "yes".)

###.##.#.# .#
#.##.#.##..r ###.##.#..
... ....#...# #.#<.#
###.#...# #..... #
#.....# #..#.######.##
###..#+####..#..........
.....................(..
....#..####.....@...(...
#####..# #........#####
#.....)#####...........
#..†.........#.###.####
#.......####.#.# .#
#.....#.## #.#.# .#
#.....#..# #.#.## #
#.....##.# #....# #
#..... #.#####..##.# #


You could see a rat (asleep).

Vanquished Creatures
  3 adders (D:2)
  3 bats (D:1)
  4 endoplasms
  2 giant cockroaches (D:1)
  2 goblins
  2 hobgoblins (D:1)
  6 jackals (D:1)
  A quokka (D:2)
  A ball python (D:1)
  2 frilled lizards
  A kobold (D:1)
  6 rats
  A toadstool (D:2)
34 creatures vanquished.

Vanquished Creatures (others)
  3 fungi (D:2)
  5 toadstools (D:2)
  2 withered plants (D:1)
10 creatures vanquished.

Grand Total: 44 creatures vanquished

Notes
Turn   | Place    | Note
-------+----------+-------------------------------------------
     0 | D:1      | Meow the Naga Venom Mage began the quest for the Orb.
     0 | D:1      | Reached XP level 1. HP: 15/15 MP: 3/3
   184 | D:1      | Reached skill level 1 in Conjurations
   184 | D:1      | Reached XP level 2. HP: 22/22 MP: 3/5
   224 | D:1      | Found a faded altar of an unknown god.
   907 | D:1      | Reached XP level 3. HP: 21/28 MP: 1/6
   912 | D:1      | Learned a level 3 spell: Mephitic Cloud
   916 | D:1      | Learned a level 3 spell: Ignite Poison
  1748 | D:2      | Reached XP level 4. HP: 36/36 MP: 6/8
  1748 | D:2      | Quit the game

Illustrated notes

Levels and vault maps discovered:
D:1:      psy_arrival_whirlpool, layout_basic,
          ebering_ecumenical_altar_petrified
D:2:      layout_basic, minmay_gold_behind_fungi

Skill      XL: |  1  2  3 |
---------------+----------+-----
Conjurations   | 1 2 |  2.3
Spellcasting   | 3 |  3.1
Dodging        | |  1.5
Stealth        | |  3.0
Transmutations | |  1.0
Poison Magic   | |  4.0

Action                   |  1- 3 |  4- 6 || total
-------------------------+-------+-------++-------
Melee: Dagger            |    10 |       ||    10
       Short sword       |     7 |       ||     7
 Fire: Hunting sling     |     3 |       ||     3
 Cast: Sting             |    34 |       ||    34
 Abil: Spit Poison       |    36 |       ||    36
Armor: Robe              |     4 |       ||     4
Dodge: Dodged            |    20 |       ||    20

Table legend: (Time is in decaauts)
 A = Elapsed time spent in this place.
 B = Non-inter-level travel time spent in this place.
 C = Inter-level travel time spent in this place.
 D = Time resting spent in this place.
 E = Time spent auto-exploring this place.
 F = Levels seen in this place.
 G = Mean time per level.
                   A        B        C        D        E       F      G
               +--------+--------+--------+--------+--------+-----+--------+
         Total |   2169 |   2101 |     68 |    510 |   1197 |   2 | 1084.5 |
       Dungeon |   2169 |   2101 |     68 |    510 |   1197 |   2 | 1084.5 |
               +--------+--------+--------+--------+--------+-----+--------+

Top non-repeatable levels by time:
     D:1: 1447 daAuts
     D:2: 721 daAuts
